 Dungeon Crawl Stone Soup version 0.23-a0-644-gb60d84b635 (webtiles) character file.

53 CheiIsBae the Slasher (level 3, -1/32 HPs)
             Began as a Naga Warper on Jan 1, 2019.
             Slain by a goblin
             ... wielding a +0 dagger
             ... led by Robin
              (3 damage)
             ... on level 2 of the Dungeon.
             The game lasted 00:02:17 (1722 turns).

CheiIsBae the Slasher (Naga Warper)                 Turns: 1722, Time: 00:02:18

Health: -1/32      AC:  2    Str: 18    XL:     3   Next: 89%
Magic:  6/6        EV:  9    Int: 14    God:
Gold:   95         SH:  0    Dex: 10    Spells: 4/6 levels left

rFire    . . .     SeeInvis +   a - +0 falchion
rCold    . . .     Gourm    .   (no shield)
rNeg     . . .     Faith    .   b - +0 leather armour
rPois    +         Spirit   .   (no helmet)
rElec    .         Reflect  .   (no cloak)
rCorr    .         Harm     .   (no gloves)
MR       .....                  (no barding)
Stlth    +.........             (no amulet)
HPRegen  0.10/turn              (no ring)
MPRegen  0.10/turn              (no ring)

@: mighty, short of breath, very slow
A: large, see invisible, deformed body, poison resistance, slowness 2, slow
metabolism 1, spit poison 1, AC +1
a: Spit Poison


You were on level 2 of the Dungeon.
You were hungry.

You visited 1 branch of the dungeon, and saw 2 of its levels.

You collected 95 gold pieces.

Inventory:

Hand Weapons
 a - a +0 falchion (weapon)
Missiles
 j - 3 tomahawks (quivered)
Armour
 b - a +0 leather armour (worn)
Scrolls
 c - 2 scrolls of remove curse {unknown}
 d - a scroll of blinking
 g - a scroll of teleportation {unknown}
 h - a scroll of identify {unknown}
 k - a scroll of enchant armour {unknown}
Potions
 l - 2 potions of lignification {unknown}
 m - a potion of brilliance {unknown}
 n - a potion of agility {unknown}
Comestibles
 f - 4 rations
 o - a chunk of flesh


   Skills:
 - Level 2.0 Fighting
 + Level 4.1 Long Blades
 - Level 0.8 Throwing
 - Level 0.7 Armour
 - Level 1.5 Dodging
 - Level 2.0 Spellcasting
 - Level 3.0 Translocations


You had 4 spell levels left.
You knew the following spells:

 Your Spells              Type           Power        Failure   Level  Hunger
a - Blink                 Tloc           N/A          12%         2    ###....

Your spell library contained the following spells:

 Spells                   Type           Power        Failure   Level  Hunger
 Shroud of Golubria       Chrm/Tloc      #.........   22%         2    ###....
 Gell's Gravitas          Tloc           #.........   24%         3    ####...
 Lesser Beckoning         Tloc           #.........   24%         3    ####...
 Teleport Other           Tloc           #.......     24%         3    ####...
 Passage of Golubria      Tloc           N/A          63%         4    #####..


Dungeon Overview and Level Annotations

Branches:
Dungeon (2/15)

Altars:


Innate Abilities, Weirdness & Mutations

You cannot wear boots.
Your serpentine skin is tough. (AC +1)
You have supernaturally acute eyesight. (SInv)
Armour fits poorly on your strangely shaped body.
Your system is resistant to poisons. (rPois)
You cover ground very slowly.
You have a slow metabolism.
You can spit poison.


Message History

Aim: an adder (moderately wounded)
You throw a tomahawk. The tomahawk misses the adder.
The adder bites you but does no damage.
Press: ? - help, Shift-Dir - straight line, f/p - adder
Aim: an adder (moderately wounded)
The splash of poison hits the adder.
The adder is poisoned.
You kill the adder!
You are feeling hungry.
You feel very mighty all of a sudden. Robin throws the goblin at you!
* * * LOW HITPOINT WARNING * * *
You slash Robin!
Robin is severely wounded.
The goblin hits you with a +0 dagger.
* * * LOW HITPOINT WARNING * * *
You hit Robin.
You kill Robin!
Your Long Blades skill increases to level 4!
The goblin hits you with a +0 dagger.
You die...

#####
#g@.#
##.#g###g#
...ggS).†#
##.#.#####


You could see 2 goblins.

Vanquished Creatures
  Robin (D:2)
  An adder (D:2)
  An ooze (D:1)
  A worm (D:2)
  2 dart slugs (D:1)
  A leopard gecko (D:1)
  A giant cockroach (D:1)
  6 goblins
  2 hobgoblins (D:1)
  3 bats (D:1)
  2 frilled lizards (D:1)
  2 rats (D:1)
23 creatures vanquished.

Notes
Turn   | Place    | Note
-------+----------+-------------------------------------------
     0 | D:1      | CheiIsBae the Naga Warper began the quest for the Orb.
     0 | D:1      | Reached XP level 1. HP: 19/19 MP: 3/3
   497 | D:1      | Reached XP level 2. HP: 12/26 MP: 5/5
   711 | D:1      | Learned a level 2 spell: Blink
   726 | D:1      | Reached skill level 3 in Long Blades
  1446 | D:1      | Reached XP level 3. HP: 32/32 MP: 6/6
  1705 | D:2      | Noticed Robin
  1722 | D:2      | Killed Robin
  1722 | D:2      | Reached skill level 4 in Long Blades
  1722 | D:2      | Slain by a goblin

Vault maps used:
D:1:      minmay_arrival_semitransparent
D:2:      makhleb_altar_promises_db, chequers_ecumenical_altar_simple_redux,
          uniq_robin

Skill      XL: |  1  2  3 |
---------------+----------+-----
Long Blades    | 3 4 |  4.1
Fighting       | |  2.0
Throwing       | |  0.8
Armour         | |  0.7
Dodging        | |  1.5
Spellcasting   | |  2.0
Translocations | |  3.0

Action                   || total
-------------------------++-------
Melee: Falchion          ||    40
Throw: Tomahawk          ||     7
 Abil: Spit Poison       ||    20
  Use: Potion            ||     3
  Eat: Chunk             ||     2
Armor: Leather armour    ||     6
Dodge: Dodged            ||    22
       Rpst.: Falchion   ||     9

Table legend:
 A = Non-vault XP
 B = Vault XP
 C = Vault XP percentage of total XP
 D = Non-vault monster count
 E = Vault monster count
 F = Vault count percentage of total count
                 A         B        C        D         E       F
            +---------+---------+-------+---------+---------+-------
      Total |      56 |      21 |  27.3 |      19 |       4 |  17.4
            +---------+---------+-------+---------+---------+-------
        D:1 |      38 |       0 |   0.0 |      17 |       0 |   0.0
        D:2 |      18 |      21 |  53.8 |       2 |       4 |  66.7
            +---------+---------+-------+---------+---------+-------
